 Dungeon Crawl Stone Soup version 0.28.0 (webtiles) character file.

Game seed: 4350223268016351800

86774 SnakkuSnakku7 the Destroyer (level 15, -2/110 HPs)
             Began as a Mummy Cinder Acolyte on Feb 11, 2022.
             Was an Elder of Ignis.
             Slain by a cyan ugly thing (13 damage)
             ... on level 14 of the Dungeon.
             The game lasted 01:05:43 (35957 turns).

SnakkuSnakku7 the Destroyer (Mummy Cinder Acolyte) Turns: 35957, Time: 01:05:44

Health: -2/110     AC: 12    Str: 19    XL:     15   Next: 41%
Magic:  18/27      EV: 13    Int: 25    God:    Ignis [****..]
Gold:   1172       SH:  6    Dex:  8    Spells: 16/30 levels left

rFire   . . .      SeeInvis .   a - +8 demon trident (pain)
rCold   + + .      Faith    .   h - +2 buckler {rC+}
rNeg    + + +      Spirit   .   H - +0 troll leather armour
rPois   ∞          Reflect  .   f - +2 helmet
rElec   .          Harm     .   c - +2 cloak
rCorr   .          Rampage  .   o - +2 pair of gloves
Will    +....                   x - +2 pair of boots
Stlth   +.........              (no amulet)
HPRegen 1.08/turn               i - +6 ring of intelligence
MPRegen 0.20/turn               t - ring of flight

@: corroded, rising, flying
A: cold resistance 1, negative energy resistance 3, torment resistance 2, heat
vulnerability 1, in touch with death 1, no potions
a: Renounce Religion, Fiery Armour, Foxfire Swarm


You were on level 14 of the Dungeon.
You worshipped Ignis.
Ignis was greatly pleased with you.
You visited 3 branches of the dungeon, and saw 22 of its levels.
You also visited: Ice Cave.

You collected 2603 gold pieces.
You spent 1431 gold pieces at shops.

Inventory:

Hand Weapons
 a - a +8 demon trident of pain (weapon)
Missiles
 p - 3 throwing nets
Armour
 c - a +2 cloak (worn)
 f - a +2 helmet (worn)
 h - a +2 buckler of cold resistance (worn)
 o - a +2 pair of gloves (worn)
 w - +0 steam dragon scales
 x - a +2 pair of boots (worn)
 H - a +0 troll leather armour (worn)
Magical Staves
 b - a staff of fire
 C - a staff of conjuration
Jewellery
 i - a +6 ring of intelligence (left hand)
 m - a ring of ice
 r - a +6 ring of strength
 t - a ring of flight (right hand)
 u - a ring of protection from fire
 D - a ring of see invisible
 J - an amulet of regeneration
Wands
 e - a wand of flame (34)
 j - a wand of mindburst (3)
 l - a wand of acid (2)
 A - a wand of paralysis (2)
 E - a wand of digging (2)
 F - a wand of polymorph (12)
 G - a wand of charming (5)
 I - a wand of iceblast (6)
Scrolls
 d - 2 scrolls of magic mapping
 g - 3 scrolls of fog
 k - 3 scrolls of amnesia
 n - 4 scrolls of vulnerability
 s - 2 scrolls of immolation
 v - 7 scrolls of teleportation
 y - a scroll of silence
 z - 2 scrolls of identify
 B - a scroll of summoning
 K - a scroll of torment
Miscellaneous
 q - a phantom mirror


   Skills:
 - Level 8.0 Fighting
 - Level 4.0 Maces & Flails
 - Level 10.1 Polearms
 - Level 7.6 Dodging
 - Level 4.9 Shields
 - Level 8.0 Spellcasting
 - Level 12.0 Conjurations
 + Level 7.8 Necromancy
 - Level 8.2 Fire Magic
 - Level 8.0 Evocations


You had 16 spell levels left.
You knew the following spells:

 Your Spells              Type           Power      Damage    Failure   Level
a - Flame Wave            Conj/Fire      57%        2d11      1%          4
b - Scorch                Fire           100%       2d10      1%          2
c - Sticky Flame          Conj/Fire      57%        2d7       1%          4
z - Dispel Undead         Necr           65%        3d22      3%          4

Your spell library contained the following spells:

 Spells                   Type           Power      Damage    Failure   Level
 Foxfire                  Conj/Fire      100%       2x1d9     1%          1
 Conjure Flame            Conj/Fire      57%        6-21      1%          3
 Corpse Rot               Necr/Air       88%        N/A       2%          2
 Animate Dead             Necr           32%        N/A       3%          4
 Inner Flame              Hex/Fire       30%        N/A       5%          3
 Ignite Poison            Fire/Tmut/Pois 23%        N/A       10%         3
 Anguish                  Hex/Necr       22%        N/A       19%         4
 Tukima's Dance           Hex            10%        N/A       28%         3
 Borgnjor's Vile Clutch   Necr/Erth      22%        N/A       45%         5
 Freezing Cloud           Conj/Ice/Air   15%        6-21      45%         5
 Death Channel            Necr           32%        N/A       50%         6
 Summon Lightning Spire   Summ/Air       10%        N/A       67%         4
 Summon Forest            Summ/Tloc      5%         N/A       95%         5
 Summon Mana Viper        Hex/Summ       10%        N/A       95%         5
 Simulacrum               Ice/Necr       22%        N/A       96%         6
 Summon Cactus Giant      Summ           5%         N/A       100%        6
 Enfeeble                 Hex            5%         N/A       100%        7
 Ignition                 Fire           25%        3d8       100%        8
 Maxwell's Capacitive Co  Air            5%         ∞         100%        8
 Polar Vortex             Ice            5%         N/A       100%        9
 Storm Form               Tmut/Air       Unusable   N/A       N/A         7

Dungeon Overview and Level Annotations

Branches:
Dungeon (14/15)            Temple (0/1) D:7            Lair (6/6) D:11
  Swamp (0/4) Lair:4        Snake (0/4) Lair:4        Slime (0/5) Lair:5
    Orc (2/2) D:10            Elf (0/3) Orc:2         IceCv (visited)
 Vaults: D:13-14

Altars:
Cheibriados
Elyvilon
Gozag
Hepliaklqana
Makhleb
Okawaru
Trog
Uskayaw
Zin
Beogh

Shops:
D:5 (*   D:7 ?   D:9 [   Orc:2 [*(:

Annotations:
Lair:5 Come back later


Innate Abilities, Weirdness & Mutations

You are immune to poison.
Your flesh is cold resistant. (rC+)
You are immune to negative energy. (rN+++)
You are immune to unholy pain and torment.
You are vulnerable to heat. (rF-)
You are in touch with the powers of death.
You do not drink.


Message History

The eight-headed hydra misses you.
The eight-headed hydra bites you but does no damage. x3
The eight-headed hydra bites you. x2; The eight-headed hydra bites you!
You puncture the eight-headed hydra!
The eight-headed hydra writhes in agony.
The eight-headed hydra is severely wounded.
The eight-headed hydra burns!
The eight-headed hydra bites you but does no damage.
The eight-headed hydra bites you.
The eight-headed hydra bites you but does no damage.
The eight-headed hydra misses you. The eight-headed hydra bites you.
You block the eight-headed hydra's attack.
The eight-headed hydra bites you but does no damage.
You block the eight-headed hydra's attack.
An acid dragon comes into view.
You puncture the eight-headed hydra!
The eight-headed hydra writhes in agony.
The eight-headed hydra is almost dead.
The eight-headed hydra burns!
The eight-headed hydra bites you. The eight-headed hydra bites you!
The eight-headed hydra bites you.
You block the eight-headed hydra's attack.
The eight-headed hydra bites you. The eight-headed hydra bites you!
* * * LOW HITPOINT WARNING * * *
You block the eight-headed hydra's attack.
The eight-headed hydra barely misses you.
Okay, then.
You begin to rise into the air.
The eight-headed hydra burns!
You kill the eight-headed hydra!
The acid dragon spits acid at you. The splash of acid hits you!
* * * LOW HITPOINT WARNING * * *
The acid corrodes you! You block the acid dragon's attack.
The acid dragon claws you but does no damage.
You closely miss the acid dragon.
The acid dragon is moderately wounded.
The cyan ugly thing trunk-slaps you!
* * * LOW HITPOINT WARNING * * *
The cyan ugly thing shocks you!
You die...

........≈≈≈≈≈≈≈..................
#######≈≈...≈≈##.################
##.≈.≈.≈≈≈.# ####.####.# #......#
######.# #.# #u# #@# #D# ..# ####


You could see a cyan ugly thing and an acid dragon.

Vanquished Creatures
  Rupert (D:12)
  Nessos (D:14)
  A spark wasp (Orc:2)
  2 ettins
  Fannar (D:10)
  Harold (D:10)
  6 hydras
  3 boulder beetles
  A centaur warrior (D:13)
  A catoblepas (Lair:4)
  2 death knights
  A tengu warrior (D:14)
  3 two-headed ogres
  3 death yaks (Lair:6)
  5 orc high priests (Orc:2)
  Sonja (D:12)
  2 skeletal warriors
  The ghost of bande the Cleaver, a novice GrFi (D:7)
  3 bog bodies (Lair:4)
  3 orc knights (Orc:2)
  A flayed ghost (D:14)
  Pikel (D:7)
  A necromancer (IceCv)
  The ghost of pkoi the Destroyer, a novice DrCj of Sif Muna (D:6)
  5 ugly things
  2 deep elf pyromancers
  5 orc sorcerers
  5 cyclopes
  A rust devil (D:10)
  2 manticores
  5 black mambas
  Maurice (D:13)
  21 cane toads
  An ice statue (IceCv)
  2 torpor snails
  A gargoyle (D:10)
  An unseen horror (D:11)
  A kobold demonologist (D:14)
  10 komodo dragons
  Psyche (D:12)
  14 ice devils
  6 rime drakes
  2 tormentors (D:11)
  5 freezing wraiths
  A tengu conjurer (D:14)
  2 anaconda simulacra (IceCv)
  A polar bear (Lair:6)
  7 trolls
  Grinder (D:3)
  9 blink frogs
  6 slime creatures (D:13)
  10 dream sheep
  A meliai zombie (D:10)
  A vampire (D:13)
  3 dire elephant simulacra (IceCv)
  Sigmund (D:3)
  30 yaks
  4 wyverns
  4 wraiths
  7 basilisks
  3 steam dragons
  7 vampire mosquitoes
  3 wargs (Orc:2)
  A naga (shapeshifter) (D:14)
  A swamp worm (Lair:4)
  3 death yak simulacra (IceCv)
  2 acid dragons
  2 harpy simulacra (IceCv)
  2 nagas (Lair:4)
  Duvessa (D:7)
  16 water moccasins
  4 ice beasts
  39 orc warriors
  3 sky beasts
  2 black bears
  6 wolves
  A swamp drake (Lair:6)
  A hornet zombie (D:7)
  10 centaurs
  11 ogres
  2 lemures (D:7)
  20 bullfrogs
  3 kobold brigands
  4 gnoll sergeants
  2 scorpions
  A two-headed ogre simulacrum (IceCv)
  6 cane toad simulacra (IceCv)
  Dowan (D:7)
  10 killer bees
  5 elephant simulacra (IceCv)
  5 wights
  2 howler monkeys
  10 electric eels
  6 centaur zombies
  4 jellies
  Crazy Yiuf (D:2)
  2 hounds
  A gnoll shaman (D:6)
  2 centaur skeletons
  29 orc priests
  29 orc wizards
  8 iguanas
  2 polar bear simulacra (IceCv)
  A spriggan simulacrum (IceCv)
  A troll simulacrum (IceCv)
  4 wolf simulacra (IceCv)
  2 killer bee zombies
  A howler monkey zombie (D:10)
  21 gnolls
  10 adders
  A howler monkey skeleton (D:4)
  A naga simulacrum (IceCv)
  2 shadow imps (D:6)
  A white imp (IceCv)
  3 ufetubi
  2 dart slugs
  93 orcs
  5 ball pythons
  5 endoplasms
  3 giant cockroaches (D:1)
  8 goblins
  8 hobgoblins
  4 jackals (D:2)
  4 quokkas (D:1)
  5 bats
  2 frilled lizards (D:1)
  22 kobolds
  7 rats
714 creatures vanquished.

Vanquished Creatures (collateral kills)
  A two-headed ogre (D:12)
  2 orcs (Orc:2)
3 creatures vanquished.

Vanquished Creatures (others)
  21 foxfires
  109 fungi
  121 plants
251 creatures vanquished.

Grand Total: 968 creatures vanquished

Notes
Turn   | Place    | Note
-------+----------+-------------------------------------------
     0 | D:1      | SnakkuSnakku7 the Mummy Cinder Acolyte began the quest for
                  | the Orb.
     0 | D:1      | Reached XP level 1. HP: 18/18 MP: 2/2
   246 | D:1      | Reached XP level 2. HP: 21/24 MP: 4/4
   264 | D:1      | Learned a level 2 spell: Scorch
   979 | D:1      | Reached XP level 3. HP: 8/29 MP: 1/5
  1735 | D:2      | Found a faded altar of an unknown god.
  1763 | D:2      | Found an iron altar of Okawaru.
  1817 | D:2      | Found a runed translucent door.
  1818 | D:2      | Noticed Crazy Yiuf
  1877 | D:2      | Reached XP level 4. HP: 35/35 MP: 1/6
  2030 | D:2      | Killed Crazy Yiuf
  2135 | D:3      | Noticed Sigmund
  2464 | D:3      | Noticed a scorpion
  2468 | D:3      | Killed a scorpion
  2469 | D:3      | Reached XP level 5. HP: 34/41 MP: 2/7
  2599 | D:3      | Reached skill level 5 in Fire Magic
  2610 | D:3      | Killed Sigmund
  2611 | D:3      | Reached XP level 6. HP: 26/47 MP: 1/8
  2724 | D:3      | Noticed Grinder
  2766 | D:3      | Killed Grinder
  2767 | D:3      | Reached XP level 7. HP: 26/52 MP: 0/9
  3477 | D:5      | Entered Level 5 of the Dungeon
  3479 | D:5      | Found Kontociw's Neck Hole.
  3805 | D:6      | Reached skill level 5 in Spellcasting
  4468 | D:5      | Reached XP level 8. HP: 50/58 MP: 6/15
  4589 | D:5      | Learned a level 4 spell: Flame Wave
  4595 | D:5      | Reached skill level 1 in Conjurations
  4599 | D:5      | Found Icsoreqi's Weapon Shop.
  4613 | D:5      | Learned a level 4 spell: Sticky Flame
  4662 | D:5      | Reached skill level 2 in Conjurations
  4742 | D:5      | Reached skill level 3 in Conjurations
  5064 | D:4      | Reached skill level 4 in Conjurations
  5382 | D:5      | Found a snail-covered altar of Cheibriados.
  5606 | D:5      | Reached skill level 5 in Conjurations
  5829 | D:6      | Found a runed translucent door.
  5833 | D:6      | Noticed pkoi's ghost (novice DrCj)
  6135 | D:6      | Reached XP level 9. HP: 63/63 MP: 9/16
  6242 | D:6      | Reached skill level 6 in Conjurations
  7119 | D:7      | Noticed bande's ghost (novice GrFi)
  7122 | D:7      | Found a runed translucent door.
  7133 | D:7      | Found a staircase to the Ecumenical Temple.
  7422 | D:7      | Found Umaeckul's Magic Scroll Shop.
  7521 | D:5      | Bought a +2 cloak for 214 gold pieces
  7640 | D:7      | Noticed Pikel
  7679 | D:7      | Killed Pikel
  7680 | D:7      | Reached skill level 7 in Conjurations
  7906 | D:7      | Noticed Dowan
  7929 | D:7      | Reached skill level 8 in Conjurations
  7930 | D:7      | Killed Dowan
  7979 | D:7      | Reached XP level 10. HP: 46/70 MP: 5/17
  8091 | D:7      | Noticed Duvessa
  8140 | D:7      | Killed Duvessa
  8737 | D:8      | Reached skill level 5 in Fighting
  8951 | D:8      | Found a hide-covered altar of Uskayaw.
  9417 | D:8      | Found a bloodstained altar of Trog.
 10141 | D:9      | Identified the +0 pair of boots of the Barber Surgeon
                  | {rPois rCorr Dex-5}
 10168 | D:9      | Found an opulent altar of Gozag.
 10194 | D:9      | Identified the +9 scimitar "Daejudynt" {freeze, rPois
                  | Int+3}
 10398 | D:10     | Entered Level 10 of the Dungeon
 10546 | D:10     | Noticed Fannar
 10555 | D:10     | Killed Fannar
 10700 | D:10     | Found a staircase to the Orcish Mines.
 10857 | D:10     | Noticed Harold
 10887 | D:10     | Killed Harold
 11060 | D:10     | Reached XP level 11. HP: 53/86 MP: 9/18
 11394 | D:10     | Found a hazy altar of Hepliaklqana.
 11546 | D:10     | Found a burning altar of Makhleb.
 11546 | D:10     | Noticed an Executioner
 11560 | D:10     | Identified the +4 whip "Nusu Yta" {vorpal, rC+++ Int-2
                  | Stlth+}
 11849 | D:9      | Reached skill level 5 in Dodging
 12297 | D:9      | Found Pone's Antique Armour Emporium.
 12507 | D:11     | Noticed a boulder beetle
 14282 | D:11     | Noticed a death knight
 15098 | D:11     | Killed a boulder beetle
 15428 | D:11     | Noticed a skeletal warrior
 15906 | D:11     | Noticed a death knight
 15925 | D:11     | Killed a death knight
 15973 | D:11     | Found a staircase to the Lair.
 16003 | Lair:1   | Entered Level 1 of the Lair of Beasts
 16165 | Lair:1   | Reached skill level 9 in Conjurations
 16250 | Lair:1   | Reached XP level 12. HP: 67/92 MP: 16/24
 16655 | Lair:1   | Reached skill level 10 in Conjurations
 17669 | Lair:2   | Reached skill level 11 in Conjurations
 19005 | Lair:3   | Noticed a boulder beetle
 19016 | Lair:3   | HP: 4/92 [boulder beetle (59)]
 19475 | Lair:3   | Identified the +9 rapier of Insufficient Pleasure {vorpal,
                  | rF++ Dex+3}
 19637 | Lair:4   | Noticed a boulder beetle
 19648 | Lair:4   | Noticed a catoblepas
 19656 | Lair:4   | Killed a boulder beetle
 19657 | Lair:4   | Reached skill level 12 in Conjurations
 19657 | Lair:4   | Reached skill level 1 in Evocations
 19700 | Lair:4   | Killed a catoblepas
 20367 | Lair:4   | Found a staircase to the Snake Pit.
 20543 | Lair:4   | Noticed a four-headed hydra
 20569 | Lair:4   | Killed a four-headed hydra
 20570 | Lair:4   | Gained mutation: You are in touch with the powers of death.
                  | [Mummy growth]
 20570 | Lair:4   | Reached XP level 13. HP: 15/98 MP: 7/25
 21151 | Lair:4   | Reached skill level 5 in Evocations
 21698 | Lair:4   | Found a staircase to the Swamp.
 22226 | Lair:5   | Found a staircase to the Slime Pits.
 22667 | Lair:5   | Found a frozen archway.
 22681 | IceCv    | Entered an ice cave
 23544 | IceCv    | Found an ancient bone altar of Kikubaaqudgha.
 23552 | IceCv    | Reached skill level 1 in Shields
 24656 | D:7      | Bought a scroll of enchant armour for 97 gold pieces
 24656 | D:7      | Bought a scroll of fear for 45 gold pieces
 24656 | D:7      | Bought a scroll of enchant weapon for 97 gold pieces
 24656 | D:7      | Bought a scroll of teleportation for 39 gold pieces
 24656 | D:7      | Bought a scroll of teleportation for 39 gold pieces
 24656 | D:7      | Bought a scroll of enchant armour for 97 gold pieces
 24656 | D:7      | Bought a scroll of enchant armour for 97 gold pieces
 24656 | D:7      | Bought a scroll of enchant weapon for 97 gold pieces
 24656 | D:7      | Bought a scroll of teleportation for 39 gold pieces
 24706 | D:7      | Killed bande's ghost
 24707 | D:7      | Reached skill level 1 in Polearms
 26132 | Lair:6   | Entered Level 6 of the Lair of Beasts
 26151 | Lair:5   | Reached XP level 14. HP: 84/105 MP: 7/26
 26996 | Lair:6   | Reached skill level 5 in Polearms
 28091 | Lair:6   | Found a runed translucent door.
 28613 | Lair:1   | Identified the +0 robe of Plog {rPois Archmagi}
 28695 | D:12     | Noticed Sonja
 28717 | D:12     | Killed Sonja
 28866 | D:12     | Noticed Rupert
 28877 | D:12     | Killed Rupert
 28941 | D:12     | Noticed Psyche
 28948 | D:12     | Killed Psyche
 29716 | Orc:1    | Entered Level 1 of the Orcish Mines
 29724 | Orc:1    | HP: 3/105 [ettin (23)]
 31362 | Orc:2    | Entered Level 2 of the Orcish Mines
 31739 | Orc:2    | Found a staircase to the Elven Halls.
 33134 | Orc:2    | Noticed an orc warlord
 33188 | Orc:2    | an orc warlord changed into a spark wasp
 33357 | Orc:2    | Reached skill level 10 in Polearms
 33514 | Orc:2    | Reached skill level 1 in Necromancy
 33514 | Orc:2    | Reached XP level 15. HP: 110/110 MP: 10/27
 33835 | Orc:2    | Found Ynirch's Antique Armour Boutique.
 33836 | Orc:2    | Found Pirishry's Antique Weapon Boutique.
 33837 | Orc:2    | Found Jyevoov's General Store.
 33837 | Orc:2    | Found Satror's Book Shop.
 33853 | Orc:2    | Bought a ring of see invisible for 180 gold pieces
 34204 | D:6      | Killed pkoi's ghost
 34221 | D:5      | Bought an amulet of regeneration for 390 gold pieces
 34556 | D:13     | Noticed Maurice
 34578 | D:13     | Killed Maurice
 34802 | D:13     | Reached skill level 5 in Necromancy
 35168 | D:13     | Got Ripawox's Almanac of Unholy Fire
 35323 | D:14     | Identified the +2 scale mail "Wyqu" {rN++}
 35652 | D:13     | Learned a level 4 spell: Dispel Undead
 35900 | D:14     | Noticed Nessos
 35917 | D:14     | Killed Nessos
 35957 | D:14     | Slain by a cyan ugly thing

Illustrated notes

Levels and vault maps discovered:
D:1:      matt_arrival_diagonals, layout_basic,
          wander_ebering_terrifying_dragon_lair
D:2:      layout_basic, shapermc_ecumenical_altar_mp_ritualfount, basic_altar,
          st_stairs_13, uniq_crazy_yiuf_cottage
D:3:      layout_loops_ring, uniq_sigmund, uniq_grinder
D:4:      layout_basic
D:5:      layout_rooms, mainiacjoe_overflow_surrounded_room, serial_shops,
          nicolae_shop_bloodbath_and_beyond, nicolae_shop_sticking_my_neck_out
D:6:      layout_rooms, ebering_ghost_sewer_d
D:7:      layout_rooms, minmay_temple_entry_wispy,
          hellmonk_ghost_happy_afterlife, serial_shops,
          nicolae_shop_temple_entry_statues_fountains, nicolae_water_bricks,
          minmay_fractal_squares_gapless_5, uniq_pikel, uniq_duvessa
D:8:      layout_cave_pools, trog_book,
          nicolae_uskayaw_murder_on_the_dancefloor, serial_bayou,
          serial_bayou_pond_d, serial_bayou_pond_d, serial_bayou_shore_b,
          serial_bayou_ford_a
D:9:      cheibrodos_iron_armory, layout_cave_pools, elyvilon_altar_1,
          mainiacjoe_overflow_alcove_4, serial_shops, kennysheep_mini_moat,
          grunt_ministairs_8, centaur_isle
D:10:     layout_irregular_city, mainiacjoe_overflow_catwalk,
          kennysheep_little_box, makhleb_altar_promises_db,
          minmay_orc_entry_temple_small, roderic_serpentine_path, uniq_fannar,
          uniq_harold
D:11:     cheibrodos_tormentor_scu, layout_basic, due_lair_maze_entry_diamond,
          gauntlet_entry_generic, hangedman_decor_opposing
D:12:     layout_loops_ring, uniq_rupert, uniq_sonja, uniq_psyche
D:13:     layout_big_octagon, hex_large, uniq_maurice
D:14:     layout_long_grid, erik_vaults_1, serial_rivers,
          chequers_serial_rivers_room_b, chequers_serial_rivers_micro_a,
          chequers_serial_rivers_room_a, chequers_serial_rivers_micro_c,
          chequers_serial_rivers_micro_e, chequers_serial_rivers_marsh,
          kennysheep_just_a_vault, uniq_nessos
Lair:1:   layout_loops_ring, wad_woods_road_02, serial_bayou_lagoon_b,
          infiniplex_staircase_pool_2
Lair:2:   layout_layer_cave, uniq_nergalle
Lair:3:   layout_chaotic_city, wad_woods_river_03
Lair:4:   layout_cave_pods, nicolae_swamp_entry_splash_gauntlet,
          guppyfry_snake_entry_island, chequers_serial_rivers_small_b,
          hibernation_bobbens
Lair:5:   layout_small_grid, slime_dummy, portal_ice_cave_demonic_guard
Lair:6:   guppyfry_lair_end_dragon, layout_gridlike, wormcave,
          lemuel_fruit_tree, grunt_megastairs_4
Orc:1:    layout_diamond_mine
Orc:2:    st_orc_congregation, layout_diamond_mine, david_defended_altar_orc

Skill      XL: |  1  2  3  4  5  6  7  8  9 10 11 12 13 14 15 |
---------------+----------------------------------------------+-----
Fire Magic     | 3 4 5 6 8 |  8.2
Spellcasting   | 5 8 |  8.0
Maces & Flails | 3 4 |  4.0
Conjurations   | 5 8 9 12 | 12.0
Fighting       | 8 |  8.0
Dodging        | 4 7 |  7.6
Evocations     | 4 8 |  8.0
Shields        | 4 |  4.9
Polearms       | 2 10 | 10.1
Necromancy     | 1 7 |  7.8

Action                   |  1- 3 |  4- 6 |  7- 9 | 10-12 | 13-15 || total
-------------------------+-------+-------+-------+-------+-------++-------
Melee: Mace              |   135 |    17 |     1 |       |       ||   153
       Punch             |     2 |       |       |     3 |     1 ||     6
       Staff             |       |       |    41 |   220 |   205 ||   466
       Demon trident     |       |       |       |       |   219 ||   219
 Cast: Scorch            |    19 |    17 |   172 |    96 |     1 ||   305
       Flame Wave        |       |       |     5 |    65 |   105 ||   175
       Sticky Flame      |       |       |     1 |    79 |   170 ||   250
       Dispel Undead     |       |       |       |       |     8 ||     8
Invok: Foxfire Swarm     |       |     1 |       |     1 |       ||     2
       Rising Flame      |       |       |       |       |     1 ||     1
Evoke: Wand              |       |    11 |     4 |    22 |    34 ||    71
       Phantom mirror    |       |       |       |     2 |     1 ||     3
  Use: Scroll            |       |       |     5 |    12 |    22 ||    39
 Stab: Paralysed         |       |       |       |     5 |     8 ||    13
       Distracted        |       |       |       |       |     1 ||     1
Armor: Robe              |    35 |    10 |    23 |       |       ||    68
       Steam dragon scal |       |       |    11 |   247 |   161 ||   419
       Troll leather arm |       |       |       |       |   135 ||   135
Dodge: Dodged            |   110 |    22 |    90 |   428 |   502 ||  1152
Block: Buckler           |       |       |       |       |   280 ||   280
